 Dungeon Sprint DCSS version 0.31-a0-632-g766dd24fdf (webtiles) character file.

Game seed: 8810547475578833071

74 sircluck the Shield-Bearer (level 4, -6/46 HPs)
             Began as a Troll Fighter on Aug 25, 2023.
             Drowned by a water elemental (8 damage)
             ... in the Dungeon (Sprint III: "The Ten Rune Challenge").
             The game lasted 00:01:15 (157 turns).

sircluck the Shield-Bearer (Troll Fighter)           Turns: 157, Time: 00:01:15

Health: -6/46      AC:  5    Str: 26    XL:     4   Next: 10%
Magic:  3/3        EV:  9    Int:  4    God:
Gold:   9          SH:  8    Dex:  9    Spells: 3/3 levels left

rFire   . .          .
                       - Unarmed
rCold   . . .        b - +0 kite shield
rNeg    . . .        a - +0 robe
rPois   .            (helmet restricted)
rElec   .            k - +0 cloak
rCorr   .            (gloves unavailable)
SInv    .            (boots unavailable)
Will    .....        (no amulet)
Stlth   ++           (no ring)
HPRegen 1.07/turn    (no ring)
MPRegen 0.08/turn

%: no teleportation
@: engulfed (cannot breathe)
A: large, unfitting armour, claws 3, regeneration 1, shaggy fur 1, tough skin 1
a: no special abilities


You were in the Dungeon.
You visited 1 branch You collected 9 gold pieces.

Inventory:

Armour
 a - a +0 robe (worn)
 b - a +0 kite shield (worn)
 k - a +0 cloak (worn)
Wands
 j - a wand of flame (21)
Scrolls
 i - a scroll of blinking
 m - 2 scrolls of poison {unknown}
 n - a scroll of silence {unknown}
 o - a scroll of revelation {unknown}
Potions
 c - a potion of might
 d - a potion of curing
 e - a potion of heal wounds
 f - 3 potions of haste
 g - 3 potions of magic
 h - a potion of berserk rage
 l - 5 potions of mutation
 p - a potion of enlightenment {unknown}


   Skills:
 + Level 3.6 Fighting
 + Level 3.6 Dodging
 * Level 2.7 Stealth
 + Level 3.9 Shields
 + Level 3.6 Unarmed Combat


You had 3 spell levels left.
You didn't know any spells.
Your spell library was empty.

Dungeon Overview and Level Annotations

Branches:
Dungeon (1/1)

Altars:


Innate Abilities, Weirdness & Mutations

You are too large for most types of armour.
You have claws for hands.
Your natural rate of healing is unusually fast.
You are covered in fur. (AC +1)
You have tough skin. (AC +1)


Message History

You open the door.
Found 9 gold pieces and 2 potions of mutation.
There is an open door here.
You now have 4 gold pieces.
l - a potion of mutation;
m - a scroll labelled KYSUGU DAREU
n - a scroll labelled QEALOL GEBRAGUXOANG
l - 3 potions of mutation (gained 2);
g - 3 potions of magic (gained 1)
l - 4 potions of mutation (gained 1)
m - 2 scrolls labelled KYSUGU DAREU (gained 1)
o - a scroll labelled FIALLI SIRUFYA;
l - 5 potions of mutation (gained 1)
p - a brown potion You now have 9 gold pieces (gained 5).
There is an open door here.
You open the door.
A water elemental comes into view.
Sorry, you're not good enough to have a special ability.
You barely miss the water elemental. The water elemental hits you.
The water elemental engulfs you in water!
You barely miss the water elemental.
Your lungs strain for air!
You block the water elemental's attack.
You claw the water elemental!
The water elemental is heavily damaged.
Your lungs strain for air!
You block the water elemental's attack. The water elemental hits you!
You claw the water elemental!
The water elemental is severely damaged.
* * * LOW HITPOINT WARNING * * *
Your lungs strain for air!
The water elemental hits you.
* * * LOW HITPOINT WARNING * * *
You barely miss the water elemental.
The water elemental is severely damaged.
* * * LOW HITPOINT WARNING * * *
Your lungs strain for air!
The water elemental hits you.
* * * LOW HITPOINT WARNING * * *
You scratch the water elemental but do no damage.
The water elemental is severely damaged.
You die...

▓▓▓▓▓▓▓▓ ▓▓▓ <..#)..####
##.# ...#......#####..#
..##....)..#..#..#
##.##.##...#..#..# #+#+#
##.##.###..##'#..#......
#.####.##..###..@E.⌠....
.###..##..####...#...###
#.....##..###....# ⌠.#
###..##...##.....# .#
##..##....#..)...# #
#..###..##.#.....# #..#
#..#####....# ▓▓▓▓ ▓▓▓▓
▓▓▓▓▓▓


You could see a water elemental.

Vanquished Creatures
  Crazy Yiuf (D)
  Jessica (D)
  A human (D)
  An endoplasm (D)
  2 rats (D)
6 creatures vanquished.

Notes
Turn   | Place    | Note
-------+----------+-------------------------------------------
     0 | D        | sircluck the Troll Fighter began the quest for the Orb.
     0 | D        | Reached XP level 1. HP: 22/22 MP: 0/0
    35 | D        | Noticed Jessica
    42 | D        | Killed Jessica
    43 | D        | Reached skill level 1 in Stealth
    43 | D        | Reached XP level 2. HP: 14/31 MP: 1/1
    67 | D        | Reached XP level 3. HP: 34/37 MP: 2/2
    73 | D        | Noticed Crazy Yiuf
   109 | D        | Killed Crazy Yiuf
   110 | D        | Reached XP level 4. HP: 26/46 MP: 3/3
   150 | D        | Noticed a water elemental
   156 | D        | HP: 2/46 [water elemental (2)]
   157 | D        | Drowned by a water elemental

Illustrated notes

Levels and vault maps discovered:
D:        dungeon_sprint_mu [sprint_mu_entry_cave, sprint_mu_temple_rooms,
          sprint_mu_d1_horrors, sprint_mu_d2_genie, sprint_mu_d3_branching,
          sprint_mu_orc_legion, sprint_mu_elf_gauntlet, sprint_mu_hive_nellie,
          sprint_mu_lair_fedhas, sprint_mu_vaults_butterflies,
          sprint_mu_slime_circle, sprint_mu_swamp_cave, sprint_mu_snake_twists,
          sprint_mu_blade_basic, sprint_mu_crypt_fortress,
          sprint_mu_tomb_spiral, sprint_mu_vestibule_basic,
          sprint_mu_gehenna_hellfire, sprint_mu_dis_giant,
          sprint_mu_tartarus_statrot, sprint_mu_cocytus_islands, sprint_mu_zot1]

Skill      XL: |  1  2  3 |
---------------+----------+-----
Fighting       | 3 |  3.6
Dodging        | 3 |  3.6
Stealth        | 1 2 |  2.7
Shields        | 3 |  3.9
Unarmed Combat | 3 |  3.6

Action                     |  1- 3 |  4- 6 || total
---------------------------+-------+-------++-------
  Melee: Unarmed           |    30 |     6 ||    36
 Armour: Robe              |     2 |       ||     2
  Dodge: Dodged            |     9 |       ||     9
  Block: Kite shield       |     6 |     2 ||     8

Table legend: (Time is in decaauts)
 A = Elapsed time spent in this place.
 B = Non-inter-level travel time spent in this place.
 C = Inter-level travel time spent in this place.
 D = Time resting spent in this place.
 E = Time spent auto-exploring this place.
 F = Levels seen in this place.
 G = Mean time per level.
                   A        B        C        D        E       F      G
               +--------+--------+--------+--------+--------+-----+--------+
         Total |    159 |    143 |     16 |      0 |     54 |   1 |  159.0 |
       Dungeon |    159 |    143 |     16 |      0 |     54 |   1 |  159.0 |
               +--------+--------+--------+--------+--------+-----+--------+

Top non-repeatable levels by time:
       D: 159 daAuts
